 Dungeon Crawl Stone Soup version 0.27-a0-906-g0a00ce863d (webtiles) character file.

Game seed: 2681465581389993632

35 kae the Ruffian (level 3, 22/28 HPs)
             Began as a Demonspawn Gladiator on Apr 6, 2021.
             Quit the game on level 1 of the Dungeon.
             The game lasted 00:00:38 (1141 turns).

kae the Ruffian (Demonspawn Gladiator)              Turns: 1141, Time: 00:00:39

Health: 22/28      AC:  5    Str: 15    XL:     3   Next: 17%
Magic:  3/3        EV: 12    Int:  9    God:
Gold:   20         SH:  0    Dex: 14    Spells: 2/2 levels left

rFire    . . .     SeeInvis .     - Unarmed
rCold    . . .     Faith    .   (no shield)
rNeg     . . .     Spirit   .   a - +0 leather armour
rPois    .         Reflect  .   (helmet restricted)
rElec    .         Harm     .   (no cloak)
rCorr    .         Rampage  .   (no gloves)
Will     .....                  (no boots)
Stlth    +.........             (no amulet)
HPRegen  0.09/turn              (no ring)
MPRegen  0.08/turn              (no ring)

@: no status effects
A: horns 1, molten scales 1
a: no special abilities


You were on level 1 of the Dungeon.
You visited 1 branch of the dungeon, and saw 1 of its levels.

You collected 20 gold pieces.

Inventory:

Missiles
 c - a throwing net (quivered)
Armour
 a - a +0 leather armour (worn)
 b - a +0 helmet
Scrolls
 e - a scroll of blinking {unknown}
Potions
 d - a potion of berserk rage {unknown}


   Skills:
 + Level 2.4 Fighting
 - Level 2.0 Throwing
 + Level 3.0 Dodging
 * Level 3.3 Unarmed Combat


You had 2 spell levels left.
You didn't know any spells.
Your spell library was empty.

Dungeon Overview and Level Annotations

Branches:
Dungeon (1/15)

Altars:


Innate Abilities, Weirdness & Mutations

You have a pair of small horns on your head.
You are partially covered in molten scales. (AC +2)


Message History

A goblin comes into view. It is wielding a +0 club.
The goblin shouts!
You hear a shout!
A goblin is nearby!
The goblin hits you with a +0 club.
You barely miss the goblin. The goblin closely misses you.
A goblin is nearby!
You hit the goblin.
You kill the goblin!
No target in view!
A hobgoblin comes into view.
A hobgoblin comes into view.
The hobgoblin shouts!
Found a stone staircase leading down.
Things that are here:
a +0 club; a goblin corpse
Found a whip.
There are monsters nearby!
The hobgoblin shouts!
The hobgoblin completely misses you.
There are monsters nearby!
You punch the hobgoblin!
You kill the hobgoblin!
You barely miss the hobgoblin.
The hobgoblin hits you but does no damage.
A hobgoblin is nearby!
You hit the hobgoblin but do no damage.
The hobgoblin hits you but does no damage.
You hit the hobgoblin. You headbutt the hobgoblin.
You kill the hobgoblin!
An endoplasm comes into view.
The endoplasm quivers.
An endoplasm is nearby!
The endoplasm freezes you.
You are frozen.
You hit the endoplasm. You headbutt the endoplasm.
The endoplasm is almost dead.
The endoplasm freezes you.
You are frozen.
An endoplasm is nearby!
Are you sure you want to abandon this character and quit the game? (Confirm with "yes".)

.....## ### . .....# ..#
.. ...... #.# .. ....
#.# ## #.###..### #.# .
#......#.#####.#######
#.#..#J..#......)...##.#
#......@.#.#†...#.#.....
#..#..........#.#......#
#..........#....####..(.
####....####...........#
#....# ............#
#....# ##...#####....
#....# .>...........
#.#... ....)......... #.
....$##..#[..


You could see an endoplasm.

Vanquished Creatures
  A gnoll (D:1)
  A dart slug (D:1)
  2 endoplasms (D:1)
  A giant cockroach (D:1)
  4 goblins (D:1)
  6 hobgoblins (D:1)
  A ball python (D:1)
  3 bats (D:1)
  A frilled lizard (D:1)
  2 rats (D:1)
22 creatures vanquished.

Vanquished Creatures (others)
  A bush (D:1)
  6 plants (D:1)
7 creatures vanquished.

Grand Total: 29 creatures vanquished

Notes
Turn   | Place    | Note
-------+----------+-------------------------------------------
     0 | D:1      | kae the Demonspawn Gladiator began the quest for the Orb.
     0 | D:1      | Reached XP level 1. HP: 16/16 MP: 1/1
   363 | D:1      | Found a faded altar of an unknown god.
   456 | D:1      | Gained mutation: You have a pair of small horns on your
                  | head. [demonic ancestry]
   456 | D:1      | Reached XP level 2. HP: 14/22 MP: 2/2
  1083 | D:1      | Gained mutation: You are partially covered in molten
                  | scales. (AC +2) [demonic ancestry]
  1083 | D:1      | Reached XP level 3. HP: 28/28 MP: 3/3
  1141 | D:1      | Quit the game

Illustrated notes

Levels and vault maps discovered:
D:1:      sevenhm_arrival_forest_fort_small_6, layout_basic, serial_forest,
          infiniplex_forest_straight_1, infiniplex_forest_straight_2,
          infiniplex_forest_pool, infiniplex_forest_end_1,
          infiniplex_forest_clump_tiny, infiniplex_forest_clump_diagonal,
          infiniplex_forest_clump_double, basic_ecumenical_altar

Skill      XL: |  1  2 |
---------------+-------+-----
Throwing       | 2 |  2.0
Unarmed Combat | 3 |  3.3
Dodging        | 3 |  3.0
Fighting       | |  2.4

Action                   || total
-------------------------++-------
Melee: Unarmed           ||    69
       Headbutt          ||     8
Throw: Throwing net      ||     3
 Stab: Held in net/web   ||     1
Armor: Leather armour    ||    15
Dodge: Dodged            ||    29

Table legend: (Time is in decaauts)
 A = Elapsed time spent in this place.
 B = Non-inter-level travel time spent in this place.
 C = Inter-level travel time spent in this place.
 D = Time resting spent in this place.
 E = Time spent auto-exploring this place.
 F = Levels seen in this place.
 G = Mean time per level.
                   A        B        C        D        E       F      G
               +--------+--------+--------+--------+--------+-----+--------+
         Total |   1135 |   1083 |     52 |      0 |    917 |   1 | 1135.0 |
       Dungeon |   1135 |   1083 |     52 |      0 |    917 |   1 | 1135.0 |
               +--------+--------+--------+--------+--------+-----+--------+

Top non-repeatable levels by time:
     D:1: 1135 daAuts
